 Dungeon Crawl Stone Soup version 0.31-a0-640-g39d97e502b (webtiles) character file.

Game seed: 7640481844483956226

910 javelincjr the Ruffian (level 7, -7/68 HPs)
             Began as a Troll Shapeshifter on Aug 28, 2023.
             Mangled by an orc warrior
             ... wielding a +0 scimitar
              (17 damage)
             ... on level 4 of the Dungeon.
             The game lasted 00:15:09 (1651 turns).

javelincjr the Ruffian (Troll Shapeshifter)         Turns: 1651, Time: 00:15:10

Health: -7/68      AC:  6    Str: 25    XL:     7   Next: 81%
Magic:  6/6        EV: 10    Int:  6    God:
Gold:   21         SH:  0    Dex:  9    Spells: 6/6 levels left

rFire   . .          .
                       - Unarmed
rCold   . . .        (no shield)
rNeg    . . .        t - +2 robe
rPois   .            (helmet currently unavailable)
rElec   .            (cloak currently unavailable)
rCorr   .            (gloves unavailable)
SInv    .            (boots unavailable)
Will    .....        (no amulet)
Stlth   +            (no ring)
HPRegen 1.11/turn    (no ring)
MPRegen 0.10/turn

%: no passive effects
@: beast-form
A: beast (slay +2), large, unfitting armour, claws 3, regeneration 1, shaggy fur
1, tough skin 1
a: Begin Untransformation


You were on level 4 of the Dungeon.
You were a hulking beast.
You visited 1 branch of the dungeon, and saw 4 of its levels.

You collected 106 gold pieces.
You spent 85 gold pieces at shops.

Inventory:

Hand Weapons
 i - a +3 antimagic scythe
 l - a +2 trident of venom
 r - a +2 dagger of venom
Missiles
 n - a throwing net
Armour
 a - a +0 animal skin
 t - a +2 robe (worn)
Talismans
 c - a beast talisman (active)
 d - a flux talisman
 j - a serpent talisman
Wands
 p - a wand of mindburst (14)
 u - a wand of polymorph (3)
Scrolls
 g - 2 scrolls of identify {unknown}
 h - a scroll of amnesia {unknown}
 k - a scroll of teleportation {unknown}
 m - a scroll of enchant armour {unknown}
 o - a scroll of fear {unknown}
 q - a scroll of immolation {unknown}
Potions
 b - a potion of lignification
 e - 3 potions of curing {unknown}
 f - a potion of berserk rage {unknown}
 s - a potion of magic {unknown}


   Skills:
 * Level 3.9 Fighting
 + Level 3.2 Dodging
 * Level 5.5 Unarmed Combat
 * Level 5.2 Shapeshifting


You had 6 spell levels left.
You didn't know any spells.
Your spell library contained the following spells:

 Spells                   Type           Power      Damage    Failure   Level
 Kiss of Death            Conj/Necr      0%         2d5       45%         1
 Ensorcelled Hibernation  Hex/Ice        0%         N/A       58%         2
 Passwall                 Tmut/Erth      0%         N/A       58%         2
 Confusing Touch          Hex            0%         N/A       83%         3
 Swiftness                Air            0%         N/A       83%         3
 Dispel Undead            Necr           0%         3d6       99%         4


Dungeon Overview and Level Annotations

Branches:
Dungeon (4/15)
 Temple: D:4-7

Altars:
Cheibriados
Elyvilon
Vehumet

Shops:
D:3 *[


Innate Abilities, Weirdness & Mutations

You are a hulking beast.
Your limbs bulge with bestial killing power. (Slay +2)
You are too large for most types of armour.
You have claws for hands.
Your natural rate of healing is unusually fast.
You are covered in fur. (AC +1)
You have tough skin. (AC +1)


Message History

You claw the orc warrior!
The orc warrior is moderately wounded.
You barely miss the orc warrior.
The orc warrior is moderately wounded.
The orc warrior hits you with a +0 scimitar!!
You closely miss the orc warrior.
The orc warrior is moderately wounded.
The orc warrior hits you with a +0 scimitar!
You scratch the orc warrior.
The orc warrior is heavily wounded.
The orc warrior barely misses you.
You scratch the orc warrior.
The orc warrior is severely wounded.
The orc hits you with a +0 hand axe.
The orc warrior hits you with a +0 scimitar!
The orc attacks as it pursues you! The orc misses you.
Items here: ))) [[ †.
There is a stone staircase leading up, spattered with blood here.
You see here a hound corpse.
You scratch the orc warrior.
The orc warrior is almost dead.
The orc warrior hits you with a +0 scimitar!
You completely miss the orc warrior.
The orc warrior is almost dead.
The orc warrior hits you with a +0 scimitar!
* * * LOW HITPOINT WARNING * * *
The orc hits you but does no damage.
You scratch the orc warrior but do no damage.
The orc warrior is almost dead.
The orc warrior closely misses you. The orc misses you.
Unknown command.
You scratch the orc warrior but do no damage.
The orc warrior is almost dead.
The orc warrior hits you with a +0 scimitar.
* * * LOW HITPOINT WARNING * * *
The orc hits you but does no damage.
You barely miss the orc warrior.
The orc warrior is almost dead.
The orc warrior hits you with a +0 scimitar!
You die...

..... .!....####
...?.....[
.#.#.#.#.###### #
.......!....... ..
.....⌠...#...####.#.
.._.......##........
.....⌠.....#[#..###.
.......?..ooh†......
.#.#.#.#...o.#..#...
............#.##
.............# .
###...####.#.....
#... .....###. #...
........ .# #.
.:.....### #......#


You could see an orc warrior and 2 orcs.

Vanquished Creatures
  Grinder (D:2)
  Sigmund (D:2)
  Duvessa (D:4)
  Dowan (D:4)
  3 hounds
  An orc priest (D:4)
  Terence (D:2)
  Ijyb (D:3)
  3 orc wizards
  Robin (D:3)
  4 gnolls (D:3)
  5 adders
  A worm (D:3)
  A dart slug (D:2)
  7 orcs
  5 ball pythons
  3 bats (D:2)
  8 endoplasms
  2 giant cockroaches
  14 goblins
  3 hobgoblins
  6 jackals (D:2)
  3 quokkas
  A frilled lizard (D:3)
  5 kobolds
  3 rats
85 creatures vanquished.

Notes
Turn   | Place    | Note
-------+----------+-------------------------------------------
     0 | D:1      | javelincjr the Troll Shapeshifter began the quest for the
                  | Orb.
     0 | D:1      | Reached XP level 1. HP: 18/18 MP: 0/0
    34 | D:1      | You fall into a shaft and drop 1 floor!
    49 | D:2      | Reached skill level 1 in Fighting
    49 | D:2      | Reached XP level 2. HP: 27/27 MP: 1/1
   335 | D:2      | Reached XP level 3. HP: 33/33 MP: 2/2
   337 | D:2      | Noticed Sigmund
   346 | D:2      | Killed Sigmund
   347 | D:2      | Reached XP level 4. HP: 42/42 MP: 0/3
   347 | D:2      | Reached XP level 5. HP: 49/49 MP: 0/4
   557 | D:2      | Noticed Terence
   565 | D:2      | Killed Terence
   723 | D:3      | Found Yki Ustri's Armour Boutique.
   768 | D:3      | Reached XP level 6. HP: 49/59 MP: 5/5
   864 | D:3      | Noticed Grinder
   998 | D:2      | Killed Grinder
   999 | D:2      | Reached XP level 7. HP: 42/67 MP: 6/6
  1030 | D:2      | Reached skill level 5 in Unarmed Combat
  1072 | D:3      | Noticed Ijyb
  1080 | D:3      | Killed Ijyb
  1123 | D:3      | Noticed Robin
  1152 | D:3      | Killed Robin
  1260 | D:3      | Found a radiant altar of Vehumet.
  1291 | D:3      | Found Enuicit's Assorted Antiques.
  1298 | D:3      | Bought a runed robe for 85 gold pieces
  1364 | D:3      | Found a snail-covered altar of Cheibriados.
  1555 | D:4      | Found a white marble altar of Elyvilon.
  1555 | D:4      | Noticed Duvessa
  1555 | D:4      | Noticed Dowan
  1569 | D:4      | Killed Duvessa
  1570 | D:4      | Reached skill level 5 in Shapeshifting
  1574 | D:4      | Killed Dowan
  1651 | D:4      | Mangled by an orc warrior

Illustrated notes

Levels and vault maps discovered:
D:1:      minmay_arrival_open_corners, layout_rooms,
          shapermc_ecumenical_altar_acropolis, minmay_strange_pillars,
          roderic_roman_lattice, minivault_26
D:2:      layout_loops_cross, uniq_sigmund, uniq_terence
D:3:      layout_rooms, marbit_many_paths, cheibrodos_worm_habitat,
          serial_shops, nicolae_square_shop, nicolae_shop_trees, uniq_ijyb,
          uniq_grinder, uniq_robin
D:4:      layout_basic, nicolae_uskayaw_en_pointe,
          nicolae_qazlal_style_of_elements, elyvilon_altar_5, led_sif_pool,
          chequers_temple_overflow_minitemple, serial_aquarium,
          aquarium_bridge_square [aquarium_subvault_wall,
          aquarium_subvault_window, aquarium_subvault_bridge,
          aquarium_subvault_wall], aquarium_bridge_square
          [aquarium_subvault_bridge, aquarium_subvault_bridge,
          aquarium_subvault_window, aquarium_subvault_wall], aquarium_window_1,
          aquarium_window_fake, aquarium_view_2b, uniq_duvessa

Skill      XL: |  1  2  3  4  5  6  7 |
---------------+----------------------+-----
Fighting       | 1 2 3 |  3.9
Dodging        | 2 3 |  3.2
Unarmed Combat | 4 5 |  5.5
Shapeshifting  | 4 5 |  5.2

Action                     |  1- 3 |  4- 6 |  7- 9 || total
---------------------------+-------+-------+-------++-------
  Melee: Unarmed           |    34 |    80 |   102 ||   216
         Punch             |     2 |     2 |     3 ||     7
 Armour: Animal skin       |     8 |    18 |    14 ||    40
         Robe              |       |       |    10 ||    10
  Dodge: Dodged            |    10 |    54 |    42 ||   106

Table legend: (Time is in decaauts)
 A = Elapsed time spent in this place.
 B = Non-inter-level travel time spent in this place.
 C = Inter-level travel time spent in this place.
 D = Time resting spent in this place.
 E = Time spent auto-exploring this place.
 F = Levels seen in this place.
 G = Mean time per level.
                   A        B        C        D        E       F      G
               +--------+--------+--------+--------+--------+-----+--------+
         Total |   1635 |   1583 |     52 |     56 |    917 |   4 |  408.8 |
       Dungeon |   1635 |   1583 |     52 |     56 |    917 |   4 |  408.8 |
               +--------+--------+--------+--------+--------+-----+--------+

Top non-repeatable levels by time:
     D:2: 793 daAuts
     D:3: 726 daAuts
     D:4: 80 daAuts
     D:1: 34 daAuts
